Map: Chantier naval orbital

Players

Kayne

  • Race: Protoss Protoss
  • League: Platinum

Nyast - Winner!

  • Race: Protoss Protoss
  • League: Platinum

VOD

Have the link to the VOD?

Description

Time

  • Played on: Sept. 8, 2015, 3:50 p.m.
  • Length: 16:49
Show
View Real Time Build Order
Export as new Build Order

Kayne Protoss 

Build Orders:  

Get SALT Encoding   

  12  0:00  Probe (Chrono Boost)  
  13  0:10  Probe (Chrono Boost)  
  14  0:18  Pylon  
  14  0:21  Probe (Chrono Boost)  
  15  0:35  Probe (Chrono Boost)  
  15  0:37  Gateway  
  16  0:46  Probe (Chrono Boost)  
  16  0:48  Assimilator  
  17  0:56  Probe (Chrono Boost)  
  18  0:57  Assimilator  
  18  1:06  Probe (Chrono Boost)  
  18  1:08  Pylon  
  19  1:16  Probe (Chrono Boost)  
  20  1:26  Probe (Chrono Boost)  
  20  1:28  Cybernetics Core  
  21  1:36  Probe (Chrono Boost)  
  21  1:39  Gateway  
  22  1:46  Probe (Chrono Boost)  
  23  1:56  Probe (Chrono Boost)  
  24  2:03  Warp Gate (Chrono Boost)  
  24  2:05  Mothership Core (Chrono Boost)  
  24  2:06  Adept  
  28  2:15  Pylon  
  28  2:31  Adept  
  28  2:33  Adept  
  28  2:35  Twilight Council  
  32  2:51  Pylon  
  32  2:55  Probe  
  32  3:01  Robotics Facility  
  32  3:11  Probe  
  33  3:25  Probe  
  34  3:31  Nexus  
  34  3:44  Pylon  
  34  3:49  Probe  
  34  3:50  Observer  
  34  3:52  Shield Upgrade (Chrono Boost)  
  34  4:01  Probe  
  35  4:13  Probe  
  35  4:14  Immortal (Chrono Boost)  
  40  4:20  Pylon  
  40  4:24  Gateway  
  40  4:25  Probe  
  40  4:29  Sentry x2  
  45  4:37  Probe  
  46  4:45  Probe  
  46  4:49  Probe  
  48  4:55  Probe, Robotics Bay  
  49  5:00  Forge  
  49  5:01  Probe  
  49  5:05  Probe  
  50  5:11  Immortal (Chrono Boost)  
  55  5:15  Probe  
  55  5:16  Probe  
  55  5:20  Assimilator  
  57  5:22  Assimilator  
  57  5:25  Probe  
  57  5:27  Sentry  
  61  5:28  Probe  
  61  5:35  Probe  
  61  5:36  Pylon  
  61  5:38  Pylon  
  61  5:40  Probe  
  63  5:50  Probe, Photon Cannon  
  63  5:52  Probe  
  63  5:54  Photon Cannon  
  65  6:01  Probe  
  66  6:04  Probe, Protoss Ground Weapons Level 1 (Chrono Boost)  
  66  6:06  Colossus (Chrono Boost)  
  73  6:12  Probe  
  73  6:16  Probe  
  75  6:28  Probe  
  75  6:30  Probe  
  77  6:43  Probe x2  
  75  7:01  Nexus  
  75  7:02  Pylon  
  75  7:04  Pylon  
  75  7:09  Photon Cannon  
  75  7:17  Colossus  
  75  7:23  Photon Cannon  
  81  7:32  Sentry x2  
  85  7:43  Probe x2  
  87  7:50  Robotics Bay  
  86  7:53  Robotics Facility  
  86  7:55  Probe  
  87  8:03  Probe  
  88  8:05  Photon Cannon  
  88  8:09  Protoss Ground Weapons Level 2 (Chrono Boost), Photon Cannon  
  88  8:10  Probe, Photon Cannon, Assimilator  
  89  8:15  Probe  
  89  8:17  Assimilator  
  90  8:22  Probe  
  90  8:26  Templar Archives  
  91  8:27  Probe  
  91  8:28  Dark Shrine  
  92  8:34  Probe x2  
  92  8:39  Probe  
  95  8:45  Probe  
  95  8:46  Probe  
  96  8:48  Colossus (Chrono Boost)  
  96  8:49  Colossus (Chrono Boost)  
  96  8:51  Probe  
  96  8:53  Pylon  
  109  8:58  Probe  
  110  9:06  Charge  
  110  9:07  Probe x2  
  112  9:10  Probe  
  112  9:13  Extended Thermal Lance (Chrono Boost)  
  113  9:25  Photon Cannon  
  113  9:29  Probe x3  
  116  9:33  Gateway  
  116  9:35  Gateway  
  116  9:41  Gateway, Zealot  
  118  9:57  Colossus (Chrono Boost)  
  118  10:00  Nexus  
  118  10:02  Pylon  
  118  10:03  Protoss Ground Weapons Level 3 (Chrono Boost), Pylon  
  118  10:05  Pylon  
  124  10:15  Colossus (Chrono Boost)  
  130  10:21  Pylon  
  130  10:23  Gateway  
  130  10:24  Gateway  
  130  10:28  Gateway  
  130  10:36  Gateway  
  130  10:48  Colossus (Chrono Boost), High Templar x4  
  144  10:53  Assimilator  
  144  10:54  Archon x2  
  144  10:57  Probe, Assimilator  
  144  10:58  Probe  
  144  11:00  Pylon  
  146  11:09  Stalker x2  
  150  11:22  Stalker x2  
  154  11:30  Probe  
  155  11:34  Probe x2  
  155  11:36  Photon Cannon  
  155  11:38  Photon Cannon  
  157  11:40  Pylon  
  157  11:41  Observer x2 (Chrono Boost)  
  157  11:45  Adept  
  157  11:46  Adept x4  
  169  11:49  Adept x4  
  170  12:00  Photon Cannon  
  166  12:05  Probe  
  166  12:06  Probe x2  
  166  12:07  Probe  
  170  12:15  Colossus x2 (Chrono Boost)  
  170  12:18  High Templar x3  
  170  12:19  Protoss Shields Level 1  
  170  12:21  Pylon  
  188  12:23  Pylon  
  188  12:25  Pylon, Archon  
  188  12:29  Gravitic Drive  
  188  12:32  Blink  
  188  12:42  Photon Cannon, High Templar  
  190  12:44  Zealot x3  
  190  12:45  Zealot x2  
  190  12:47  Archon  
  200  13:16  Warp Prism (Chrono Boost)  
  200  13:28  Photon Cannon  
  192  13:37  High Templar x2  
  192  13:38  High Templar x2  
  192  13:41  Archon x2  
  200  13:50  Observer x2 (Chrono Boost)  
  196  14:30  Gateway  
  196  14:31  Gateway x2  
  190  14:32  Gateway  
  190  14:33  Gateway  
  190  14:35  Gateway  
  186  15:12  Colossus x3 (Chrono Boost)  
  186  15:13  Colossus x2 (Chrono Boost)  
  186  15:17  Pylon  
  186  15:19  Pylon  
  186  15:20  Pylon  
  186  15:34  Nexus  
  186  15:36  Pylon  
  186  15:37  Pylon  
  186  15:40  Pylon  
  186  15:44  Assimilator  
  186  15:48  Assimilator  
  158  16:21  High Templar  
  158  16:22  High Templar x7  
  158  16:23  High Templar x2  
  158  16:24  High Templar  
  128  16:32  Archon x4  
  102  16:33  Archon  
Show
View Real Time Build Order
Export as new Build Order

Nyast Protoss - Winner!

Build Orders:  

Get SALT Encoding   

  12  0:01  Probe (Chrono Boost)  
  13  0:14  Pylon  
  13  0:17  Probe (Chrono Boost)  
  14  0:27  Probe (Chrono Boost)  
  15  0:39  Probe (Chrono Boost), Gateway  
  16  0:49  Probe (Chrono Boost)  
  17  0:50  Assimilator  
  17  0:59  Probe (Chrono Boost)  
  18  1:05  Gateway  
  18  1:09  Probe (Chrono Boost)  
  19  1:19  Probe (Chrono Boost)  
  19  1:22  Assimilator  
  20  1:28  Cybernetics Core  
  20  1:30  Probe (Chrono Boost)  
  21  1:38  Pylon  
  21  1:40  Probe (Chrono Boost)  
  22  1:50  Probe (Chrono Boost)  
  23  2:00  Probe (Chrono Boost)  
  24  2:05  Adept x2  
  24  2:06  Warp Gate  
  28  2:19  Mothership Core (Chrono Boost)  
  30  2:25  Pylon  
  30  2:42  Probe (Chrono Boost)  
  30  2:43  Adept x2  
  35  2:59  Probe (Chrono Boost)  
  35  3:03  Robotics Facility  
  36  3:06  Pylon  
  36  3:09  Probe (Chrono Boost)  
  33  3:20  Twilight Council  
  33  3:30  Probe (Chrono Boost)  
  33  3:33  Nexus  
  34  3:37  Gateway  
  34  3:40  Probe (Chrono Boost)  
  35  3:46  Pylon  
  35  3:55  Probe (Chrono Boost)  
  34  4:01  Dark Shrine  
  32  4:05  Probe (Chrono Boost)  
  33  4:15  Probe (Chrono Boost)  
  34  4:28  Robotics Facility  
  34  4:30  Probe (Chrono Boost)  
  35  4:40  Gateway  
  35  4:41  Pylon  
  35  4:43  Forge  
  35  4:44  Probe (Chrono Boost)  
  35  4:45  Probe (Chrono Boost)  
  37  4:55  Probe x2 (Chrono Boost)  
  37  4:57  Assimilator  
  39  5:03  Assimilator  
  39  5:05  Probe (Chrono Boost)  
  39  5:06  Probe (Chrono Boost)  
  41  5:13  Dark Templar x2  
  45  5:17  Warp Prism (Chrono Boost)  
  47  5:22  Protoss Ground Weapons Level 1  
  47  5:29  Dark Templar, Probe  
  47  5:31  Probe  
  49  5:43  Probe  
  49  5:45  Probe  
  51  5:51  Robotics Bay  
  51  5:53  Observer (Chrono Boost)  
  51  5:54  Probe  
  51  5:55  Pylon  
  53  5:57  Probe  
  53  6:01  Photon Cannon  
  54  6:04  Probe  
  54  6:06  Photon Cannon  
  54  6:09  Probe  
  56  6:15  Dark Templar  
  56  6:16  Dark Templar  
  60  6:29  Dark Templar  
  62  6:39  Pylon  
  62  6:40  Pylon  
  62  6:43  Pylon  
  62  6:50  Dark Templar, Pylon  
  62  6:51  Zealot x2  
  64  7:13  Disruptor (Chrono Boost)  
  67  7:17  Pylon  
  67  7:33  Zealot x2  
  71  7:43  Disruptor (Chrono Boost)  
  68  7:58  Zealot  
  68  7:59  Zealot x2  
  68  8:03  Nexus  
  68  8:05  Gateway  
  74  8:06  Gateway  
  74  8:08  Pylon  
  74  8:09  Gateway  
  74  8:10  Pylon  
  74  8:13  Gateway  
  74  8:15  Robotics Facility  
  74  8:18  Disruptor (Chrono Boost)  
  77  8:25  Forge  
  77  8:26  Protoss Ground Weapons Level 2  
  77  8:30  Gateway  
  77  8:32  Gateway  
  77  8:48  Disruptor (Chrono Boost)  
  75  8:55  Charge  
  76  9:00  Assimilator  
  76  9:03  Disruptor (Chrono Boost)  
  76  9:06  Protoss Ground Armor Level 1  
  76  9:07  Assimilator  
  79  9:10  Probe x2  
  79  9:13  Zealot x2  
  79  9:14  Zealot x2  
  89  9:25  Probe  
  89  9:27  Probe x2  
  92  9:35  Probe  
  92  9:37  Disruptor (Chrono Boost)  
  92  9:38  Disruptor (Chrono Boost)  
  96  9:39  Probe  
  100  9:45  Probe  
  100  9:46  Probe, Pylon  
  100  9:50  Zealot x4  
  110  9:55  Probe  
  110  9:56  Probe  
  110  9:58  Probe  
  113  10:03  Photon Cannon  
  113  10:05  Probe  
  113  10:07  Photon Cannon  
  113  10:08  Probe  
  113  10:10  Disruptor (Chrono Boost)  
  118  10:15  Templar Archives  
  118  10:17  Disruptor (Chrono Boost)  
  121  10:24  Stalker  
  121  10:25  Stalker  
  125  10:29  Stalker  
  125  10:31  Probe x2  
  125  10:32  Probe  
  130  10:43  Dark Templar x2  
  130  10:45  Zealot x2  
  130  10:48  Zealot  
  140  10:51  Dark Templar  
  138  11:10  Nexus  
  138  11:15  Photon Cannon  
  138  11:16  Pylon  
  138  11:19  Pylon  
  136  11:39  Zealot x4  
  144  11:40  Zealot x5  
  144  11:46  Disruptor (Chrono Boost)  
  154  11:47  Disruptor (Chrono Boost)  
  154  11:49  Protoss Ground Weapons Level 3  
  154  11:50  Protoss Ground Armor Level 2  
  152  11:58  High Templar  
  140  12:06  High Templar  
  140  12:12  Archon  
  140  12:16  Pylon  
  140  12:18  Observer (Chrono Boost)  
  140  12:19  Pylon, Warp Prism (Chrono Boost)  
  143  12:25  Pylon  
  143  12:30  Probe, Assimilator  
  143  12:36  Assimilator  
  144  12:39  Dark Templar  
  144  12:42  Disruptor (Chrono Boost)  
  149  12:47  Archon  
  149  12:48  Dark Templar x2  
  149  12:49  Immortal (Chrono Boost)  
  157  12:53  Archon  
  157  12:55  Zealot x5  
  157  12:56  Zealot  
  169  13:20  Photon Cannon  
  169  13:23  Photon Cannon  
  169  13:26  Dark Templar x2, Photon Cannon  
  173  13:30  Gateway  
  173  13:33  Gateway  
  170  13:34  Gateway  
  170  13:35  Archon  
  170  13:37  Gateway  
  170  13:39  Gateway  
  170  13:45  Dark Templar  
  170  13:46  Dark Templar  
  170  13:47  Dark Templar x2  
  170  13:48  Dark Templar x2  
  182  13:50  Archon x2  
  182  13:51  Archon  
  182  14:03  Dark Templar x2  
  182  14:04  Dark Templar  
  182  14:06  Dark Templar  
  182  14:08  Archon x2  
  190  14:14  Photon Cannon  
  190  14:16  Photon Cannon  
  184  14:44  Pylon  
  182  14:46  Pylon  
  182  14:47  Pylon  
  182  14:49  Pylon  
  182  14:52  Nexus  
  182  15:22  Nexus  
  182  15:29  Pylon  
  160  16:31  Zealot x3  
  160  16:32  Zealot x5  
  174  16:33  Zealot x2  
  174  16:34  Zealot x2  
Tags
 
Add a new tag
Caveats
  • Supply blocks, unpowered buildings, or Contaminate may cause inaccurate times.
  • Supply counts are checked every 10 seconds.